 Dungeon Crawl Stone Soup version 0.17-a0-1635-gd4e48f1 (webtiles) character file.

513 ololoev the Conjurer (level 7, 50/50 HPs)
             Began as a Grey Draconian Air Elementalist on Aug 4, 2015.
             Quit the game on level 4 of the Dungeon.
             The game lasted 00:16:11 (4279 turns).

ololoev the Conjurer (DrAE)                         Turns: 4279, Time: 00:16:11

Health: 50/50      AC: 13    Str: 11    XL:     7   Next: 0%
Magic:  8/12       EV: 12    Int: 17    God:
Gold:   203        SH:  0    Dex: 11    Spells: 2 memorised, 9 levels left

rFire  . . .     SeeInvis .     s - +2 dagger (venom)
rCold  . . .     Clarity  .     (armour unavailable)
rNeg   . . .     SustAt   .     (no shield)
rPois  .         Gourm    .     (helmet restricted)
rElec  .         Spirit   .     y - +0 cloak
rCorr  .         Warding  .     c - +0 pair of gloves
rMut   .         Stasis   .     (no boots)
MR     .....                    (no amulet)
Stlth  ++........               (no ring)
                                (no ring)

@: not resistant to hostile enchantments, unstealthy
A: walk through water, unfitting armour, unbreathing, cold-blooded, AC +11
a: no special abilities


Innate Abilities, Weirdness & Mutations

You can walk through water.
Your dull iron-grey scales are very hard (AC +11).
Your body does not fit into most forms of armour.
You can survive without breathing.
You are cold-blooded and may be slowed by cold attacks.

Inventory:

Hand weapons
 s - a +2 dagger of venom (weapon)
Armour
 c - a +0 pair of gloves (worn)
 y - a +0 cloak (worn)
Magical devices
 m - a wand of polymorph (3)
Scrolls
 d - a scroll of random uselessness {unknown}
 e - a scroll of magic mapping {unknown}
 f - 2 scrolls of fear {unknown}
 h - a scroll of amnesia {unknown}
 j - 3 scrolls of identify {unknown}
 k - 4 scrolls of enchant weapon {unknown}
 o - a scroll of enchant armour {unknown}
 q - a scroll of remove curse {unknown}
 t - a scroll of fog {unknown}
 w - a scroll of immolation {unknown}
 A - a scroll of noise {unknown}
Potions
 g - a potion of invisibility {unknown}
 l - a potion of cancellation {unknown}
 n - a potion of lignification {unknown}
 p - a potion of curing {unknown}
 r - 3 potions of magic {unknown}
 u - a potion of mutation {unknown}
 B - a potion of agility {unknown}
 C - a potion of heal wounds {unknown}
Books
 a - a book of Air

   Spells                             Type                      Level
   a - Shock                          Conjuration/Air              1
   b - Swiftness                      Charms/Air                   2
   c - Repel Missiles                 Charms/Air                   2
   d - Static Discharge               Conjuration/Air              3
   e - Lightning Bolt                 Conjuration/Air              5
Comestibles
 b - 3 bread rations
 i - 3 meat rations
 v - a slice of pizza
 x - a beef jerky
 z - 6 chunks of flesh


   Skills:
 - Level 1.7 Dodging
 - Level 1.7 Stealth
 + Level 3.7 Spellcasting
 * Level 5.4 Conjurations
 + Level 3.7 Air Magic


You had 9 spell levels left.
You knew the following spells:

 Your Spells              Type           Power        Failure   Level  Hunger
a - Shock                 Conj/Air       ###.         2%          1    None
b - Mephitic Cloud        Conj/Pois/Air  ##......     17%         3    ###....


You were on level 4 of the Dungeon.
You were hungry.

You visited 1 branch of the dungeon, and saw 4 of its levels.

You collected 203 gold pieces.

..## #... .## # #
#..#.... ..#. #..
..# #...## #.#..###
#...######.#.....
## #...#.........#
##...##.......####.
#......@#.....#
#.....####.#.##
#.%.. #......# .#
##.. ##.###### ...#
## ##...## #..
##.....## ##.
#.......# #..
#.......# #..
#.......# #..

Notes
Turn   | Place    | Note
--------------------------------------------------------------
     0 | D:1      | ololoev the Draconian Air Elementalist began the quest for the Orb.
     0 | D:1      | Reached XP level 1. HP: 14/14 MP: 3/3
   271 | D:1      | Reached XP level 2. HP: 20/20 MP: 1/5
  1038 | D:2      | Reached XP level 3. HP: 26/26 MP: 3/6
  1436 | D:2      | Reached XP level 4. HP: 25/33 MP: 1/7
  1543 | D:2      | Noticed Robin
  1573 | D:2      | Killed Robin
  1846 | D:2      | Noticed Ijyb
  1918 | D:2      | Killed Ijyb
  1918 | D:2      | Reached XP level 5. HP: 38/38 MP: 0/9
  2407 | D:3      | Noticed Jessica
  2412 | D:3      | Killed Jessica
  2452 | D:3      | Reached skill level 4 in Conjurations
  2938 | D:3      | Reached XP level 6. HP: 45/45 MP: 4/10
  3158 | D:3      | Learned a level 3 spell: Mephitic Cloud
  3167 | D:3      | Found a shimmering altar of Xom.
  3632 | D:3      | Found a faded altar to an unknown god.
  3746 | D:3      | Reached skill level 5 in Conjurations
  4278 | D:4      | Your scales start taking on a dull iron-grey colour.
  4278 | D:4      | Gained mutation: You can survive without breathing. [Grey Draconian growth]
  4278 | D:4      | Reached XP level 7. HP: 50/50 MP: 8/12
  4279 | D:4      | Quit the game

Dungeon Overview and Level Annotations

Branches:
Dungeon (4/15)
 Temple: D:4-7

Altars:
Xom


Message History

You see here a giant cockroach corpse.
You butcher the giant cockroach corpse.
z - 7 chunks of flesh (gained 1)
You now have 180 gold pieces (gained 10).
Some of the chunks of flesh in your inventory have rotted away.
B - a murky dark potion
j - 3 scrolls labeled WOONOG MUI (gained 1)
You now have 191 gold pieces (gained 11).
C - a fuming sapphire potion You now have 203 gold pieces (gained 12).
A giant newt comes into view.
Found a bread ration.
Casting: Shock
Confirm with . or Enter, or press ? or * to list all spells.
Aiming: Shock
Press: ? - help, Shift-Dir - straight line, f - giant newt
Aim: a giant newt (resting)
The zap hits the giant newt.
The giant newt is heavily wounded.
The giant newt moves out of view.
You are feeling hungry.
Casting: Shock
Confirm with . or Enter, or press ? or * to list all spells.
Aiming: Shock
Press: ? - help, Shift-Dir - straight line, f/p - giant newt
Aim: a giant newt The zap misses the giant newt.
Casting: Shock
Confirm with . or Enter, or press ? or * to list all spells.
Aiming: Shock
Press: ? - help, Shift-Dir - straight line, p - giant newt The zap hits the giant newt.
You kill the giant newt!
You have reached level 7!
Your Air Magic skill decreases to level 3!
Your scales start taking on a dull iron-grey colour.
You feel breathless.
Quiver which item? (- for none, * to show all) (? for menu, Esc to quit)
Okay, then.
Are you sure you want to abandon this character and quit the game? (Confirm with "yes".)

There were no monsters in sight!

Vanquished Creatures
  A phantom (D:4)
  An orc priest (D:3)
  Ijyb (D:2)
  2 orc wizards (D:3)
  Jessica (D:3)
  Robin (D:2)
  9 gnolls
  10 adders
  2 oozes (D:3)
  A worm (D:2)
  5 giant geckos
  9 orcs
  A ball python (D:2)
  5 bats
  3 giant cockroaches
  14 goblins
  10 hobgoblins
  7 kobolds
  6 giant newts
  A quokka (D:3)
  6 rats
96 creatures vanquished.

Action                   |  1- 3 |  4- 6 |  7- 9 || total
-------------------------+-------+-------+-------++-------
Melee: Unarmed           |     8 |    17 |       ||    25
       Dagger            |       |    32 |       ||    32
Throw: Javelin           |     6 |       |       ||     6
 Cast: Shock             |    59 |   140 |     1 ||   200
       Mephitic Cloud    |       |     1 |       ||     1
 Stab: Sleeping          |       |     3 |       ||     3
  Eat: Chunk             |     2 |     9 |       ||    11

Vault maps used:
D:1:      dpeg_arrival_tiny_f, minmay_tree_intersection
D:2:      roderic_bipointed_swastika, uniq_robin, uniq_iyjb
D:3:      tgw_xom, ecumenical_altar_1, uniq_jessica
D:4:      first_bread, serial_shops, shop
